 Seeded DCSS version 0.31-a0-691-g409c26a (webtiles) character file.

Game seed: 7488981733002710792 (custom seed)

8 PurpleRed the Trooper (level 2, -1/19 HPs)
             Began as a Gargoyle Fighter on Sept 6, 2023.
             Frozen to death by an endoplasm (5 damage)
             ... on level 1 of the Dungeon.
             The game lasted 00:01:07 (298 turns).

PurpleRed the Trooper (Gargoyle Fighter)             Turns: 298, Time: 00:01:07

Health: -1/19      AC: 11    Str: 19    XL:     2   Next: 8%
Magic:  2/2        EV:  7    Int:  8    God:
Gold:   7          SH:  4    Dex:  9    Spells: 1/1 levels left

rFire   . . .        a - +0 long sword
rCold   . . .        c - +0 buckler
rNeg    + . .        f - +0 chain mail
rPois   ∞            (no helmet)
rElec   +            (no cloak)
rCorr   .            (no gloves)
SInv    .            (no boots)
Will    .....        (no amulet) Stlth
                     (no ring)
HPRegen 0.23/turn    (no ring)
MPRegen 0.08/turn

%: no passive effects
@: no status effects
A: sickness immunity, AC +2, negative energy resistance 1, electricity
resistance, torment resistance 1, petrification resistance
a: no special abilities


You were on level 1 of the Dungeon.
You visited 1 branch of the dungeon, and saw 1 of its levels.

You collected 7 gold pieces.

Inventory:

Hand Weapons
 a - a +0 long sword (weapon)
 e - a +0 hand axe
Armour
 b - a +0 scale mail
 c - a +0 buckler (worn)
 f - a +0 chain mail (worn)
Potions
 d - a potion of might


   Skills:
 + Level 3.4 Fighting
 + Level 2.0 Long Blades
 * Level 0.9 Axes
 - Level 3.2 Armour
 - Level 3.2 Shields


You had one spell level left.
You didn't know any spells.
Your spell library was empty.

Dungeon Overview and Level Annotations

Branches:
Dungeon (1/15)

Altars:


Innate Abilities, Weirdness & Mutations

You are immune to sickness and miasma.
Your stone body is resilient. (AC +2)
You are immune to poison.
You resist negative energy. (rN+)
You are resistant to electric shocks. (rElec)
You are resistant to unholy torment.
You are immune to petrification.


Message History

The jackal is almost dead.
You block the jackal's attack. The jackal barely misses you.
The jackal bites you but does no damage.
The jackal barely misses you.
You closely miss the jackal.
The jackal is almost dead.
The jackal bites you but does no damage.
The jackal bites you. x2
You closely miss the jackal.
The jackal is almost dead.
The jackal bites you but does no damage. x3
You hit the jackal.
You kill the jackal!
The jackal bites you. x2
* * * LOW HITPOINT WARNING * * *
You have reached level 2!
You block the jackal's attack.
You closely miss the jackal. You block the jackal's attack.
The jackal bites you.
* * * LOW HITPOINT WARNING * * *
The jackal closely misses you.
You closely miss the jackal.
The jackal bites you but does no damage.
The endoplasm hits you.
* * * LOW HITPOINT WARNING * * *
The jackal bites you but does no damage.
You barely miss the jackal. You block the jackal's attack.
The jackal bites you but does no damage.
You slash the jackal!
You kill the jackal!
The endoplasm barely misses you.
Your Long Blades skill increases to level 2!
You hit the endoplasm.
The endoplasm is almost dead.
The endoplasm closely misses you.
You barely miss the endoplasm.
The endoplasm is almost dead.
The endoplasm freezes you.
You are frozen.
You die...

### #)....#. #.. #..#$#.##
#.# ........ #.# ####..#.#.
#.##### ###........##
#.....###..P.##.#$..#
##.#...P..♣P.##.#†#.
♣♣##.###....♣PP†.#.#.#.#.##
♣...## ##..P♣.P.@J..........
####.###.PP♣P..#.###....####
##.#...♣♣.....# #..♣♣.##
##..P♣♣♣.#######.♣♣♣PP#
#..♣.PP## ###...♣...#
#....### .....PP..## #.#..#
##P..## #.#.## ##.(.# #.#.#
#####.#####


You could see an endoplasm.

Vanquished Creatures
  A bat (D:1)
  An endoplasm (D:1)
  3 jackals (D:1)
  A ball python (D:1)
  A rat (D:1)
7 creatures vanquished.

Notes
Turn   | Place    | Note
-------+----------+-------------------------------------------
     0 | D:1      | PurpleRed the Gargoyle Fighter began the quest for the Orb.
     0 | D:1      | Reached XP level 1. HP: 14/14 MP: 1/1
   289 | D:1      | Reached XP level 2. HP: 4/19 MP: 2/2
   298 | D:1      | Frozen to death by an endoplasm

Illustrated notes

Levels and vault maps discovered:
D:1:      dpeg_arrival_yet_another_circle, layout_loops_ring, serial_forest,
          infiniplex_forest_clump_diagonal, infiniplex_forest_end_1,
          infiniplex_forest_lined_room_2, infiniplex_forest_clump_diagonal,
          infiniplex_forest_corner_1, infiniplex_forest_lined_3,
          infiniplex_forest_clump_small

Skill      XL: |  1  2 |
---------------+-------+-----
Long Blades    | 2 |  2.0
Fighting       | |  3.4
Axes           | |  0.9
Armour         | |  3.2
Shields        | |  3.2

Action                     || total
---------------------------++-------
  Melee: Long sword        ||    31
 Armour: Chain mail        ||    34
         Scale mail        ||     1
  Dodge: Dodged            ||    14
  Block: Buckler           ||     8

Table legend: (Time is in decaauts)
 A = Elapsed time spent in this place.
 B = Non-inter-level travel time spent in this place.
 C = Inter-level travel time spent in this place.
 D = Time resting spent in this place.
 E = Time spent auto-exploring this place.
 F = Levels seen in this place.
 G = Mean time per level.
                   A        B        C        D        E       F      G
               +--------+--------+--------+--------+--------+-----+--------+
         Total |    308 |    308 |      0 |      0 |    205 |   1 |  308.0 |
       Dungeon |    308 |    308 |      0 |      0 |    205 |   1 |  308.0 |
               +--------+--------+--------+--------+--------+-----+--------+

Top non-repeatable levels by time:
     D:1: 308 daAuts
